 Dungeon Crawl Stone Soup version 0.19.0-2-gae57169 (webtiles) character file.

54 Chiseanne the Skirmisher (level 3, -9/34 HPs)
             Began as a Minotaur Berserker on Nov 3, 2016.
             Was a Believer of Trog.
             Killed by nerve-wracking pain
             ... invoked by an orc priest
              (14 damage)
             ... on level 3 of the Dungeon.
             The game lasted 00:02:01 (483 turns).

Chiseanne the Skirmisher (Minotaur Berserker)        Turns: 483, Time: 00:02:01

Health: -9/34      AC:  6    Str: 21    XL:     3   Next: 66%
Magic:  2/2        EV: 11    Int:  4    God:    Trog [**....]
Gold:   49         SH:  0    Dex: 10    Spells: 0 memorised, 2 levels left

rFire  . . .     SeeInvis .     a - +0 hand axe
rCold  . . .     Gourm    .     m - +0 scale mail
rNeg   . . .     Faith    .     (no shield)
rPois  .         Spirit   .     (helmet restricted)
rElec  .         Reflect  .     (no cloak)
rCorr  .         Harm     .     (no gloves)
MR     .....                    (no boots)
Stlth  ..........               (no amulet)
                                (no ring)
                                (no ring)

@: no status effects
A: retaliatory headbutt, horns 2
a: Berserk, Trog's Hand, Burn Spellbooks, Renounce Religion


You were on level 3 of the Dungeon.
You worshipped Trog.
Trog was pleased with you.
You were not hungry.

You visited 1 branch of the dungeon, and saw 3 of its levels.

You collected 49 gold pieces.

Inventory:

Hand Weapons
 a - a +0 hand axe (weapon)
Missiles
 h - 25 sling bullets
 j - 3 stones (quivered)
 n - 15 arrows
Armour
 m - a +0 scale mail (worn)
Scrolls
 e - 2 scrolls of teleportation {unknown}
 f - a scroll of enchant armour {unknown}
 k - a scroll of remove curse {unknown}
Potions
 b - a potion of agility {unknown}
 d - a potion of curing {unknown}
 g - a potion of might {unknown}
 l - a potion of degeneration {unknown}
Comestibles
 c - a bread ration
 i - 4 chunks of flesh


   Skills:
 * Level 4.3 Fighting
 * Level 4.1 Axes
 * Level 3.0 Armour
 * Level 2.9 Dodging


You had 2 spell levels left.
You didn't know any spells.

Dungeon Overview and Level Annotations

Branches:
Dungeon (3/15)

Altars:
Ru


Innate Abilities, Weirdness & Mutations

You reflexively headbutt those who attack you in melee.
You have a pair of horns on your head.


Message History

Something hits you.
You barely miss the orc priest.
The orc priest is heavily wounded.
You miss something. You barely miss the orc.
The orc priest mumbles some strange prayers to Beogh against you.
Pain shoots through your body! The orc barely misses you.
You furiously retaliate!
You headbutt the orc.
You hear some strange, mumbled words.
A puff of flame appears from out of thin air!
The puff of flame hits you!
* * * LOW HITPOINT WARNING * * *
You hit the orc priest.
You headbutt the orc priest, but do no damage.
The orc priest is heavily wounded.
You miss something. You barely miss the leopard gecko. You hit the orc.
The leopard gecko hisses menacingly.
The leopard gecko closely misses you.
The orc priest mumbles some strange prayers to Beogh against you.
Pain shoots through your body!
You die...

#... #....... #####....
#....... #.......#
#######....... #.......#
..............
#.[.....###+##...........
#..................รท.....
................).#######
#......{lo...............
#......o@.....###........
#....../......# #........
#.............# #........
#.............+ +..<.....
########......# #........
#......# #........
#......# #........
######## #........
#........


You could see an orc priest, an orc and a leopard gecko.

Vanquished Creatures
  3 adders (D:2)
  A worm (D:2)
  A leopard gecko (D:2)
  2 orcs (D:3)
  2 giant cockroaches
  A goblin (D:2)
  2 hobgoblins (D:1)
  2 kobolds
  3 bats (D:1)
  4 frilled lizards
  2 rats
23 creatures vanquished.

Notes
Turn   | Place    | Note
-------+----------+-------------------------------------------
     0 | D:1      | Chiseanne the Minotaur Berserker began the quest for the Orb.
     0 | D:1      | Reached XP level 1. HP: 19/19 MP: 0/0
   190 | D:1      | Reached XP level 2. HP: 21/27 MP: 1/1
   287 | D:2      | Reached XP level 3. HP: 25/33 MP: 2/2
   411 | D:2      | Found a sacrificial altar of Ru.
   445 | D:3      | Chiseanne: can you stop automove by pressing key?
   476 | D:3      | Reached ** piety under Trog
   483 | D:3      | Killed from afar by an orc priest

Skill      XL: |  1  2  3 |
---------------+----------+-----
Fighting       | 4 |  4.3
Axes           | 4 |  4.1
Armour         | 3 |  3.0
Dodging        | |  2.9

Action                   || total
-------------------------++-------
Melee: Hand axe          ||    52
       Headbutt          ||     6
Invok: Burn Spellbooks   ||     1
 Stab: Sleeping          ||     1
Armor: Animal skin       ||    12
       Scale mail        ||     4
Dodge: Dodged            ||    39
